 Dungeon Crawl Stone Soup version 0.23-a0-831-g5da158a (console) character file.

13 Duffy the Sneak (level 2, -6/22 HPs)
             Began as a Naga Wizard on Jan 23, 2019.
             Killed from afar by a white imp (7 damage)
             ... with a puff of frost
             ... summoned by Natasha
             ... on level 2 of the Dungeon.
             The game lasted 00:00:29 (124 turns).

Duffy the Sneak (Naga Wizard)                        Turns: 124, Time: 00:00:29

Health: -6/22      AC:  1    Str:  9    XL:     2   Next: 37%
Magic:  1/6        EV: 10    Int: 18    God:
Gold:   0          SH:  0    Dex:  9    Spells: 6/7 levels left

rFire    . . .     SeeInvis +   (no weapon)
rCold    . . .     Gourm    .   (no shield)
rNeg     . . .     Faith    .   a - +0 robe
rPois    +         Spirit   .   b - +0 hat
rElec    .         Reflect  .   (no cloak)
rCorr    .         Harm     .   (no gloves)
MR       .....                  (no barding)
Stlth    ++........             (no amulet)
HPRegen  0.07/turn              (no ring)
MPRegen  0.10/turn              (no ring)

@: very slow
A: large, see invisible, deformed body, poison resistance, slowness 2, slow
metabolism 1, spit poison 1, AC +0
a: Spit Poison


You were on level 2 of the Dungeon.
You were not hungry.

You visited 1 branch of the dungeon, and saw 2 of its levels.

Inventory:

Armour
 a - a +0 robe (worn)
 b - a +0 hat (worn)
Comestibles
 c - 2 chunks of flesh
 d - a ration


   Skills:
 - Level 1.5 Dodging
 - Level 3.0 Stealth
 - Level 3.0 Spellcasting
 + Level 2.3 Conjurations
   Level 1.0 Summonings
   Level 1.0 Translocations


You had 6 spell levels left.
You knew the following spells:

 Your Spells              Type           Power        Failure   Level  Hunger
h - Magic Dart            Conj           ##..         6%          1    None

Your spell library contained the following spells:

 Spells                   Type           Power        Failure   Level  Hunger
 Blink                    Tloc           N/A          16%         2    ##.....
 Call Imp                 Summ           #.......     16%         2    ##.....
 Slow                     Hex            #.......     24%         2    ##.....
 Conjure Flame            Conj/Fire      #.......     30%         3    ###....
 Mephitic Cloud           Conj/Pois/Air  #.......     34%         3    ###....


Dungeon Overview and Level Annotations

Branches:
Dungeon (2/15)

Altars:

Annotations:
D:2 Natasha


Innate Abilities, Weirdness & Mutations

You cannot wear boots.
Your serpentine skin is tough. (AC +0)
You have supernaturally acute eyesight. (SInv)
Armour fits poorly on your strangely shaped body.
Your system is resistant to poisons. (rPois)
You cover ground very slowly.
You have a slow metabolism.
You can spit poison.


Message History

You don't have enough magic to cast that spell.
The white imp gestures at you. The puff of frost hits you!
Natasha zaps a wand.
Some rock shatters into small pieces.
The white imp hits you. The white imp freezes you.
Natasha zaps a wand.
Some rock shatters into small pieces.
Press: ? - help, Shift-Dir - straight line, f/p - Natasha
Aim: Natasha, carrying a wand of digging (4) (severely wounded)
Okay, then.
The shadow imp gestures at you. Pain shoots through your body!
The white imp gestures at you. The puff of frost misses you.
Natasha zaps a wand.
You hear a grinding noise.
The white imp gestures at you. The puff of frost misses you.
The white imp gestures at you. The puff of frost hits you!
You die...

#........+ #+#
#........# #.#
#...%.$..# #.#
########...# #'###
#......##h.#
....#######.####.##..#
............# #..##..#
....##########.#.##5.#
....# #..@...# ....#
#.####.## ....# ###
#####


You could see a white imp.

Vanquished Creatures
  An adder (D:2)
  A dart slug (D:2)
  2 rats (D:2)
4 creatures vanquished.

Notes
Turn   | Place    | Note
-------+----------+-------------------------------------------
     0 | D:1      | Duffy the Naga Wizard began the quest for the Orb.
     0 | D:1      | Reached XP level 1. HP: 15/15 MP: 4/4
     5 | D:2      | Reached XP level 2. HP: 22/22 MP: 3/6
   110 | D:2      | Noticed Natasha
   121 | D:2      | HP: 1/22 [shadow imp/nerve-wracking pain[Natasha] (9)]
   124 | D:2      | Killed from afar by a white imp

Vault maps used:
D:1:      shiori_arrival_maze, st_stairs_13, chequers_serial_rivers_small_3,
          minmay_pentomino_u4
D:2:      chequers_ecumenical_altar_simple, first_ration, bh_walls_and_bars,
          uniq_sigmund, uniq_natasha, uniq_terence

Skill      XL: |  1 |
---------------+----+-----
Conjurations   | 2 |  2.3
Dodging        | |  1.5
Stealth        | |  3.0
Spellcasting   | |  3.0
Summonings     | |  1.0
Translocations | |  1.0

Action                   || total
-------------------------++-------
 Cast: Magic Dart        ||    12
 Abil: Spit Poison       ||     3
Dodge: Dodged            ||     3

Table legend:
 A = Non-vault XP
 B = Vault XP
 C = Vault XP percentage of total XP
 D = Non-vault monster count
 E = Vault monster count
 F = Vault count percentage of total count
                 A         B        C        D         E       F
            +---------+---------+-------+---------+---------+-------
      Total |      19 |       0 |   0.0 |       4 |       0 |   0.0
            +---------+---------+-------+---------+---------+-------
        D:2 |      19 |       0 |   0.0 |       4 |       0 |   0.0
            +---------+---------+-------+---------+---------+-------
